 Dungeon Crawl Stone Soup version bcrawl-1.27.5 (console) character file.

Game seed: 2094209202557039231

74916 FIQ the Sneak (level 3, -1/26 HPs)
             Began as a Demonspawn Archaeologist on Aug 13, 2020.
             Killed from afar by an orc wizard (2 damage)
             ... with a magic dart
             ... on level 3 of the Dungeon.
             The game lasted 00:02:42 (2411 turns).

FIQ the Sneak (Demonspawn Archaeologist)            Turns: 2411, Time: 00:02:42

Health: -1/26      AC:  7    Str: 12    XL:     3   Next: 30%
Magic:  3/3        EV: 12    Int: 15    God:
Gold:   114        SH:  0    Dex: 11    Spells: 2/2 levels left

rFire    . . .     SeeInvis .   a - +0 whip
rCold    . . .     Gourm    .   (no shield)
rNeg     . . .     Faith    .   b - +1 robe
rPois    .         Spirit   .   r - +2 hat
rElec    .         Reflect  .   k - scarf {repulsion}
rCorr    .         Harm     .   (no gloves)
MR       .....                  d - +1 pair of boots
Stlth    ++++......             j - amulet of the acrobat
HPRegen  0.08/turn              s - ring of stealth
MPRegen  0.08/turn              (no ring)

@: repel missiles
A: horns 1
a: no special abilities


You were on level 3 of the Dungeon.
You were hungry.

You visited 1 branch of the dungeon, and saw 3 of its levels.

You collected 114 gold pieces.

Inventory:

Hand Weapons
 a - a +0 whip (weapon)
Missiles
 c - 21 curare-tipped needles
Armour
 b - a +1 robe (worn)
 d - a +1 pair of boots (worn)
 k - a scarf of repulsion (worn)
 r - a +2 hat (worn)
Jewellery
 j - an amulet of the acrobat (around neck)
 s - a ring of stealth (left hand)
Scrolls
 g - a scroll of magic mapping
 l - a scroll of enchant armour {unknown}
 m - a scroll of noise {unknown}
 n - 2 scrolls of blinking {unknown}
 o - a scroll of fog {unknown}
 q - a scroll of amnesia {unknown}
 u - a scroll of remove curse {unknown}
 v - a scroll of immolation {unknown}
Potions
 i - 4 potions of flight
Miscellaneous
 f - a dusty tome
Comestibles
 e - 7 rations {!d}


   Skills:
 - Level 1.0 Fighting
 + Level 3.0 Maces & Flails
 - Level 2.6 Dodging
 - Level 3.0 Stealth


You had 2 spell levels left.
You didn't know any spells.
Your spell library was empty.

Dungeon Overview and Level Annotations

Branches:
Dungeon (3/12)

Altars:
Ru


Innate Abilities, Weirdness & Mutations

You have a pair of small horns on your head.


Message History

The orc wizard is heavily wounded.
The orc wizard barely misses you.
You barely miss the orc wizard.
The orc wizard is heavily wounded.
The orc wizard hits you but does no damage.
The orc wizard closely misses you.
You barely miss the orc wizard.
The orc wizard is heavily wounded.
The orc wizard closely misses you.
You hit the orc wizard.
The orc wizard is heavily wounded.
The orc wizard barely misses you.
The orc wizard gestures at you while chanting.
The puff of frost hits you.
* * * LOW HITPOINT WARNING * * *
You hit the orc wizard.
The orc wizard is severely wounded.
The orc wizard points at you and mumbles some strange words.
The magic dart hits you.
You die...

#.#######.#
#.#.....#..
##.#.#.#.#..
#....#|#....
#..#.#.#.#..
#..#Z....#..
#..#######..
##########.#....oo...
#.....@oo...<.#..?...
#.############# .....
.... ... .. .


You could see an orc wizard and an orc.

Vanquished Creatures
  2 leopard geckos
  An orc (D:3)
  4 bats
  3 giant cockroaches (D:1)
  6 goblins
  5 hobgoblins
  A quokka (D:2)
  2 frilled lizards
  5 kobolds
  4 rats (D:1)
33 creatures vanquished.

Notes
Turn   | Place    | Note
-------+----------+-------------------------------------------
     0 | D:1      | FIQ the Demonspawn Archaeologist began the quest for the
                  | Orb.
     0 | D:1      | Reached XP level 1. HP: 15/15 MP: 1/1
    38 | D:1      | Reached skill level 1 in Maces & Flails
   632 | D:1      | Gained mutation: You have a pair of small horns on your
                  | head. [demonic ancestry]
   632 | D:1      | Reached XP level 2. HP: 13/21 MP: 2/2
  1652 | D:2      | Reached XP level 3. HP: 26/26 MP: 3/3
  1777 | D:2      | Found a sacrificial altar of Ru.
  2410 | D:3      | HP: 1/26 [orc wizard/puff of frost (4)]
  2411 | D:3      | Killed from afar by an orc wizard

Skill      XL: |  1  2  3 |
---------------+----------+-----
Maces & Flails | 1 2 3 |  3.0
Fighting       | |  1.0
Dodging        | |  2.6
Stealth        | |  3.0

Action                   || total
-------------------------++-------
Melee: Whip              ||   153
       Headbutt          ||     9
  Use: Scroll            ||     2
       Potion            ||     2
 Stab: Sleeping          ||     6
  Eat: Chunk             ||     7
Armor: Robe              ||    43
Dodge: Dodged            ||    92
       Deflected         ||     4
